 Dungeon Crawl Stone Soup version 0.25.1-2-g60ff931df9 (webtiles) character file.

Game seed: 10330443618866801398

289 DogServant the Ruffian (level 6, -11/51 HPs)
             Began as a Naga Transmuter on Oct 19, 2020.
             Killed by divine providence
             ... invoked by an orc priest
              (15 damage)
             ... on level 4 of the Dungeon.
             The game lasted 00:05:00 (3740 turns).

DogServant the Ruffian (Naga Transmuter)            Turns: 3740, Time: 00:05:00

Health: -11/51     AC:  4    Str: 15    XL:     6   Next: 31%
Magic:  4/9        EV: 10    Int: 13    God:
Gold:   203        SH:  0    Dex: 11    Spells: 6/9 levels left

rFire    + . .     SeeInvis +     - Unarmed
rCold    . . .     Gourm    .   (no shield)
rNeg     . . .     Faith    .   b - +1 robe
rPois    +         Spirit   .   (no helmet)
rElec    .         Reflect  .   o - scarf {repulsion}
rCorr    .         Harm     .   (no gloves)
MR       .....                  (no barding)
Stlth    +.........             l - amulet of regeneration
HPRegen  0.57/turn              g - ring of poison resistance
MPRegen  0.11/turn              h - ring of protection from fire

@: brilliant, appendage (expiring), repel missiles, very slow
A: large, horns 2, see invisible, deformed body, poison resistance, slowness 2,
slow metabolism 1, spit poison 1, AC +2
a: Spit Poison, End Transformation


You were on level 4 of the Dungeon.
You were hungry.
You had grown temporary horns.
You visited 1 branch of the dungeon, and saw 4 of its levels.

You collected 203 gold pieces.

Inventory:

Missiles
 a - 28 arrows
Armour
 b - a +1 robe (worn)
 o - a scarf of repulsion (worn)
Jewellery
 c - an uncursed amulet of the acrobat
 g - a ring of poison resistance (left hand)
 h - a ring of protection from fire (right hand)
 l - an amulet of regeneration (around neck)
Scrolls
 n - a scroll of amnesia
Comestibles
 d - 4 rations
 f - 10 chunks of flesh


   Skills:
 - Level 1.0 Fighting
 - Level 1.5 Dodging
 + Level 5.2 Unarmed Combat
 - Level 2.0 Spellcasting
 + Level 4.7 Transmutations


You had 6 spell levels left.
You knew the following spells:

 Your Spells              Type           Power        Failure   Level  Hunger
a - Beastly Appendage     Tmut           ###...       3%          1    None
b - Sticks to Snakes      Tmut           ###.....     5%          2    None

Your spell library contained the following spells:

 Spells                   Type           Power        Failure   Level  Hunger
 Spider Form              Tmut/Pois      ##........   28%         3    None
 Ice Form                 Ice/Tmut       ##......     67%         4    None
 Blade Hands              Tmut           ###.......   69%         5    None


Dungeon Overview and Level Annotations

Branches:
Dungeon (4/15)
 Temple: D:4-7

Altars:
Dithmenos
Hepliaklqana
Makhleb


Innate Abilities, Weirdness & Mutations

You cannot wear boots.
Your serpentine skin is tough. (AC +2)
You have supernaturally acute eyesight. (SInv)
Armour fits poorly on your strangely shaped body.
Your system is resistant to poisons. (rPois)
You cover ground very slowly.
You have a slow metabolism.
You can spit poison.
You have a pair of horns on your head.


Message History

Casting: Beastly Appendage (safe; 3% risk of failure)
Confirm with . or Enter, or press ? or * to list all spells.
You create a snake!
You now have 28 arrows.
The giant cockroach bites you.
The orc priest hits you but does no damage.
The giant cockroach bites you but does no damage.
You closely miss the orc priest.
The orc priest is lightly wounded.
The orc priest calls down the wrath of Beogh upon you.
Beogh smites you!
* * * LOW HITPOINT WARNING * * *
The giant cockroach bites you.
* * * LOW HITPOINT WARNING * * *
Your ball python barely misses the giant cockroach.
Your ball python grabs the giant cockroach.
Your ball python constricts the giant cockroach.
It was a potion of brilliance.
You feel clever all of a sudden.
The orc priest invokes the aid of Beogh against you.
Beogh smites you!
You die...

###.....#.###.##.#
.####.......#.....)>.#
..........#.#####....###
..............).......'.
#......#...#.##...####.
#.†.#.#..........#
#..#S#..#.....#.#
#..so.#.#.....#...
##.#@.#...#....##.#
#.#...#..#.......#
#.#...#..........
#(#....#.........
#.##...#....##..
#.##......... ..####.#.
### ....


You could see an orc priest, a giant cockroach and a friendly ball python.

Vanquished Creatures
  A hound (D:2)
  2 orc wizards
  Natasha (thrice) (D:2)
  2 adders (D:4)
  2 orcs (D:3)
  7 bats
  2 giant cockroaches
  11 goblins
  7 hobgoblins
  A quokka (D:4)
  A ball python (D:3)
  A frilled lizard (D:3)
  5 kobolds
  A leopard gecko skeleton (D:4)
  2 rats
48 creatures vanquished.

Vanquished Creatures (collateral kills)
  An ogre (D:4)
  2 orcs
3 creatures vanquished.

Grand Total: 51 creatures vanquished

Notes
Turn   | Place    | Note
-------+----------+-------------------------------------------
     0 | D:1      | DogServant the Naga Transmuter began the quest for the Orb.
     0 | D:1      | Reached XP level 1. HP: 18/18 MP: 3/3
     3 | D:1      | Noticed an electric eel
     3 | D:1      | Noticed an electric eel
   371 | D:1      | Reached XP level 2. HP: 23/25 MP: 3/5
  1262 | D:1      | Reached XP level 3. HP: 31/31 MP: 4/6
  1435 | D:2      | Noticed Natasha
  1451 | D:2      | Killed Natasha
  1559 | D:2      | Noticed Natasha
  1567 | D:2      | Learned a level 2 spell: Sticks to Snakes
  1591 | D:2      | Killed Natasha
  1591 | D:2      | Reached skill level 4 in Unarmed Combat
  1591 | D:2      | Reached XP level 4. HP: 25/38 MP: 5/7
  1784 | D:2      | Noticed Natasha
  1800 | D:2      | Killed Natasha
  2078 | D:2      | Found a hazy altar of Hepliaklqana.
  2080 | D:2      | Found a shadowy altar of Dithmenos.
  2080 | D:2      | Noticed a shadow
  2291 | D:2      | Found a burning altar of Makhleb.
  2304 | D:2      | Reached XP level 5. HP: 13/44 MP: 8/8
  2750 | D:3      | Found a shadowy altar of Dithmenos.
  3626 | D:4      | Noticed an ogre
  3634 | D:4      | Killed an ogre
  3634 | D:4      | Reached skill level 5 in Unarmed Combat
  3634 | D:4      | Reached XP level 6. HP: 51/51 MP: 6/9
  3740 | D:4      | Killed from afar by an orc priest

Illustrated notes

Levels and vault maps discovered:
D:1:      arrival_aquarium_b, layout_loops_cross, serial_rivers,
          chequers_serial_rivers_room_b, chequers_serial_rivers_marsh,
          chequers_serial_rivers_room_b, chequers_serial_rivers_marsh,
          nrook_uturn
D:2:      layout_loops_ring, makhleb_heckhound_becter,
          riverfiend_overflow_shadow_ancestor, first_ration, uniq_natasha
D:3:      layout_loops_cross, st_stairs_6, grunt_ministairs_7,
          lemuel_altar_in_water
D:4:      layout_loops_corners, tso_altar, serial_shops,
          nicolae_shop_overgrown_old_shop, chequers_ossuary_entry_cave,
          minmay_shop_damaged, hangedman_decor_peaks_small,
          minmay_manual_macuahuitl, uniq_ijyb

Skill      XL: |  1  2  3  4  5 |
---------------+----------------+-----
Transmutations | 3 4 |  4.7
Unarmed Combat | 4 5 |  5.2
Fighting       | |  1.0
Dodging        | |  1.5
Spellcasting   | |  2.0

Action                   |  1- 3 |  4- 6 || total
-------------------------+-------+-------++-------
Melee: Unarmed           |    68 |    97 ||   165
       Headbutt          |     7 |     9 ||    16
       Punch             |     1 |       ||     1
 Cast: Beastly Appendage |    12 |    11 ||    23
       Sticks to Snakes  |       |     7 ||     7
 Abil: Spit Poison       |     7 |     3 ||    10
  Use: Potion            |     2 |     3 ||     5
       Scroll            |       |    11 ||    11
 Stab: Distracted        |       |     2 ||     2
       Sleeping          |       |     1 ||     1
  Eat: Chunk             |     1 |     3 ||     4
       Ration            |       |     1 ||     1
Armor: Robe              |     9 |    17 ||    26
       Skin              |       |     1 ||     1
Dodge: Dodged            |    45 |    48 ||    93
